MLB
OAKLAND ATHLETICS @ HOUSTON ASTROS
08/09/2041
 
TOP OF THE 1ST
Oakland Athletics batting - Pitching for Houston Astros : RHP Bob Bush
Pitching: RHP Bob Bush
Batting: RHB Jeremy Johnson 0-0: Called Strike
0-1: Ball
1-1: Ball
2-1: Swinging Strike
2-2: Ball
3-2: Foul Ball, location: 2RF
3-2: Foul Ball, location: 9LDF
3-2: Foul Ball, location: 7LMFF
3-2: Foul Ball, location: 5SF
3-2: Base on Balls
Batting: RHB Eric Davis 0-0: Ball
1-0: Fly out, F4 (Line Drive, 4, EV 71.9 MPH)
Batting: LHB Jesús Cantú 0-0: Called Strike
Jeremy Johnson is caught stealing 2nd base 2-6
0-1: Swinging Strike
0-2: Ball
1-2: Ball
2-2: Ground out 4-3 (Groundball, 4, EV 77.5 MPH)
Top of the 1st over - 0 runs, 0 hits, 0 errors, 0 left on base; Oakland 0 - Houston 0
BOTTOM OF THE 1ST
Houston Astros batting - Pitching for Oakland Athletics : RHP Devin Hogan
Pitching: RHP Devin Hogan
Batting: LHB Joe Rivera 0-0: Foul Ball, location: 7LDF
0-1: Ball
1-1: Called Strike
1-2: Fly out, F8 (Flyball, 8LM, EV 95.0 MPH)
Batting: RHB Adrián Juárez 0-0: Ball
1-0: Swinging Strike
1-1: Ball
2-1: Ground out 4-3 (Groundball, 6MS, EV 91.3 MPH)
Batting: RHB Ángelo Guzmán 0-0: SOLO HOME RUN (Flyball, 9D, EV 93.8 MPH), Distance : 377 ft
Batting: LHB José Robles 0-0: Ball
1-0: Ball
2-0: Ball
3-0: Base on Balls
Batting: RHB José Mercado 0-0: Foul Ball, location: 2F
0-1: Foul Ball, location: 9LDF
0-2: Ball
1-2: Foul Ball, location: 2F
1-2: Ground out U3 (Groundball, 34, EV 108.8 MPH)
Bottom of the 1st over - 1 run, 1 hit, 0 errors, 1 left on base; Oakland 0 - Houston 1
TOP OF THE 2ND
Oakland Athletics batting - Pitching for Houston Astros : RHP Bob Bush
Batting: RHB Héctor González 0-0: Called Strike
0-1: Ball
1-1: Ball
2-1: Fly out, F7 (Line Drive, 7LS, EV 90.6 MPH)
Batting: RHB José Rodríguez 0-0: Called Strike
0-1: SINGLE (Groundball, 56S, EV 62.5 MPH) (infield hit)
Batting: RHB Donnie Fields 0-0: Ball
1-0: Called Strike
1-1: Called Strike
1-2: Strikes out swinging
Batting: RHB David Álvarez 0-0: Ball
José Rodríguez steals 2nd base
1-0: Fly out, F9 (Flyball, 9LD, EV 91.9 MPH)
Top of the 2nd over - 0 runs, 1 hit, 0 errors, 1 left on base; Oakland 0 - Houston 1
BOTTOM OF THE 2ND
Houston Astros batting - Pitching for Oakland Athletics : RHP Devin Hogan
Batting: RHB Ted Valéncia 0-0: Ball
1-0: Ball
2-0: Foul Ball, location: 2F
2-1: Ball
3-1: Foul Ball, location: 2F
3-2: Foul Ball, location: 2F
3-2: Fly out, F8 (Flyball, 89D, EV 105.6 MPH)
Batting: RHB Ethan Sutton 0-0: Ball
1-0: SINGLE (Line Drive, 34D, EV 98.8 MPH)
Batting: RHB José Archuleta 0-0: Grounds into double play, 5-4-3 (Groundball, 56, EV 82.5 MPH)
Bottom of the 2nd over - 0 runs, 1 hit, 0 errors, 0 left on base; Oakland 0 - Houston 1
TOP OF THE 3RD
Oakland Athletics batting - Pitching for Houston Astros : RHP Bob Bush
Batting: RHB Devin Hogan 0-0: Ball
1-0: Ball
2-0: Ball
3-0: Called Strike
3-1: Foul Ball, location: 9LSF
3-2: Ground out 6-3 (Groundball, 6, EV 85.6 MPH)
Batting: RHB Tom Doherty 0-0: Ball
1-0: Ball
2-0: Swinging Strike
2-1: Foul Ball, location: 2F
2-2: Ball
3-2: Strikes out swinging
Batting: RHB Jeremy Johnson 0-0: Foul Ball, location: 5DF
0-1: Called Strike
0-2: Ball
1-2: Foul Ball, location: 9LMF
1-2: Ball
2-2: Ball
3-2: SINGLE (Line Drive, 7S, EV 96.3 MPH)
Batting: RHB Eric Davis 0-0: Ball
Jeremy Johnson steals 2nd base (no throw)
1-0: Called Strike
1-1: Ball
2-1: Ball
3-1: Called Strike
3-2: Ground out 6-3 (Groundball, 6, EV 85.6 MPH)
Top of the 3rd over - 0 runs, 1 hit, 0 errors, 1 left on base; Oakland 0 - Houston 1
BOTTOM OF THE 3RD
Houston Astros batting - Pitching for Oakland Athletics : RHP Devin Hogan
Batting: LHB Ismael Camacho 0-0: Called Strike
0-1: Ball
1-1: Ball
2-1: Called Strike
2-2: Ball
3-2: Foul Ball, location: 7LDF
3-2: Strikes out swinging
Batting: LHB Joe Rivera 0-0: Called Strike
0-1: Swinging Strike
0-2: Ball
1-2: Foul Ball, location: 25F
1-2: Ball
2-2: Ball
3-2: Foul Ball, location: 3SF
3-2: Foul Ball, location: 9LSF
3-2: DOUBLE (Line Drive, 5D, EV 94.4 MPH)
Batting: RHB Adrián Juárez 0-0: Ball
1-0: Swinging Strike
1-1: Foul Ball, location: 2F
1-2: Ball
2-2: SINGLE (Line Drive, 8RS, EV 106.9 MPH)
Joe Rivera to third
Batting: RHB Ángelo Guzmán 0-0: Ball
1-0: Fly out, F8 (Flyball, 8LD, EV 95.6 MPH)
Batting: LHB José Robles 0-0: Ground out 4-3 (Groundball, 4, EV 80.6 MPH)
Bottom of the 3rd over - 0 runs, 2 hits, 0 errors, 2 left on base; Oakland 0 - Houston 1
TOP OF THE 4TH
Oakland Athletics batting - Pitching for Houston Astros : RHP Bob Bush
Batting: LHB Jesús Cantú 0-0: Ball
1-0: Ball
2-0: Ball
3-0: Called Strike
3-1: Foul Ball, location: 7LDF
3-2: Base on Balls
Batting: RHB Héctor González 0-0: Foul Ball, location: 2F
0-1: Ball
1-1: Grounds into double play, 2-6-3 (Groundball, 2R, EV 69.4 MPH)
Batting: RHB José Rodríguez 0-0: Ground out 6-3 (Groundball, 6, EV 86.3 MPH)
Top of the 4th over - 0 runs, 0 hits, 0 errors, 0 left on base; Oakland 0 - Houston 1
BOTTOM OF THE 4TH
Houston Astros batting - Pitching for Oakland Athletics : RHP Devin Hogan
Batting: RHB José Mercado 0-0: Called Strike
0-1: Ball
1-1: Ball
2-1: Swinging Strike
2-2: Ball
3-2: Base on Balls
Batting: RHB Ted Valéncia 0-0: Ball
1-0: Foul Ball, location: 3DF
1-1: Ball
2-1: SINGLE (Flyball, 9S, EV 90.6 MPH)
José Mercado to second
Batting: RHB Ethan Sutton 0-0: Foul Ball, location: 2F
0-1: Ball
1-1: Fly out, F7 (Flyball, 7LM, EV 85.6 MPH)
Batting: RHB José Archuleta 0-0: Ball
1-0: SINGLE (Line Drive, 7LS, EV 89.4 MPH)
José Mercado to third
Ted Valéncia to second
Batting: LHB Ismael Camacho 0-0: Ball
1-0: Ball
2-0: Foul Ball, location: 2F
2-1: Called Strike
2-2: Ball
3-2: Fly out, F5 (Popup, 25, EV 91.3 MPH)
Batting: LHB Joe Rivera 0-0: Ball
1-0: Called Strike
1-1: Ball
2-1: Foul Ball, location: 5FF
2-2: SINGLE (Groundball, 6MD, EV 94.4 MPH)
José Mercado scores
Ted Valéncia to third
José Archuleta to second
Batting: RHB Adrián Juárez 0-0: Ball
1-0: Called Strike
1-1: Ball
2-1: Ball
3-1: Called Strike
3-2: Foul Ball, location: 5FF
3-2: Foul Ball, location: 9LMF
3-2: Foul Ball, location: 2F
3-2: Foul Ball, location: 25F
3-2: Fly out, F2 (Popup, 3SF, EV 86.3 MPH)
Bottom of the 4th over - 1 run, 3 hits, 0 errors, 3 left on base; Oakland 0 - Houston 2
TOP OF THE 5TH
Oakland Athletics batting - Pitching for Houston Astros : RHP Bob Bush
Batting: RHB Donnie Fields 0-0: Fly out, F1 (Line Drive, P, EV 68.8 MPH)
Batting: RHB David Álvarez 0-0: Ball
1-0: Swinging Strike
1-1: Ball
2-1: SINGLE (Line Drive, 9S, EV 85.6 MPH)
Batting: RHB Devin Hogan 0-0: Called Strike
0-1: Ball
1-1: Ground out 5-3 (Groundball, 5, EV 81.3 MPH)
David Álvarez to second
Batting: RHB Tom Doherty 0-0: Called Strike
0-1: Ball
1-1: Swinging Strike
1-2: Strikes out swinging, 2-3 out at first.
Top of the 5th over - 0 runs, 1 hit, 0 errors, 1 left on base; Oakland 0 - Houston 2
BOTTOM OF THE 5TH
Houston Astros batting - Pitching for Oakland Athletics : RHP Devin Hogan
Batting: RHB Ángelo Guzmán 0-0: Ball
1-0: Called Strike
1-1: Ball
2-1: Swinging Strike
2-2: Foul Ball, location: 2F
2-2: Foul Ball, location: 2F
2-2: Foul Ball, location: 2F
2-2: Ground out 6-3 (Groundball, 6M, EV 100.6 MPH)
Batting: LHB José Robles 0-0: Ball
1-0: Ball
2-0: Ball
3-0: Called Strike
3-1: Foul Ball, location: 9LSF
3-2: Base on Balls
Pitching: RHP Ismael Roa
Batting: RHB José Mercado 0-0: SINGLE (Line Drive, 8RS, EV 105.0 MPH)
José Robles to second
Batting: RHB Ted Valéncia 0-0: Ball
1-0: Ball
2-0: Ball
3-0: Base on Balls
José Robles to third
José Mercado to second
Batting: RHB Ethan Sutton 0-0: Ball
1-0: Ball
2-0: Ball
3-0: Base on Balls
José Robles scores
José Mercado to third
Ted Valéncia to second
Batting: RHB José Archuleta 0-0: Ball
1-0: SINGLE (Line Drive, 5D, EV 96.3 MPH)
José Mercado scores
Ted Valéncia to third
Ethan Sutton to second
Batting: LHB Ismael Camacho 0-0: SINGLE (Line Drive, 9S, EV 96.9 MPH)
Ted Valéncia scores
Ethan Sutton to third
José Archuleta to second
Batting: LHB Joe Rivera 0-0: Swinging Strike
0-1: Ball
1-1: Foul Ball, location: 2LF
1-2: Grounds into double play, 4-6-3 (Groundball, 4, EV 85.6 MPH)
Bottom of the 5th over - 3 runs, 3 hits, 0 errors, 2 left on base; Oakland 0 - Houston 5
TOP OF THE 6TH
Oakland Athletics batting - Pitching for Houston Astros : RHP Bob Bush
Batting: RHB Jeremy Johnson 0-0: Called Strike
0-1: Ball
1-1: Foul Ball, location: 2F
1-2: Foul Ball, location: 3FF
1-2: Foul Ball, location: 2F
1-2: Ground out 4-3 (Groundball, 34, EV 111.3 MPH)
Batting: RHB Eric Davis 0-0: Foul Ball, location: 7LSF
0-1: SINGLE (Groundball, 6MD, EV 98.8 MPH)
Batting: LHB Jesús Cantú 0-0: Called Strike
Eric Davis steals 2nd base
0-1: Swinging Strike
0-2: Ball
1-2: Ball
2-2: Ball
3-2: Foul Ball, location: 2F
3-2: SINGLE (Line Drive, 9S, EV 96.9 MPH)
Eric Davis to third
Batting: RHB Héctor González 0-0: Ball
Jesús Cantú steals 2nd base
1-0: Called Strike
1-1: Swinging Strike
1-2: Reached via error on a dropped throw from 1B, E1 (Groundball, 34, EV 98.8 MPH)
Eric Davis scores
Jesús Cantú to third
Pitching: RHP Shinsui Nakamura
Batting: RHB José Rodríguez 0-0: Called Strike
0-1: Ball
1-1: SINGLE (Line Drive, 4M, EV 103.1 MPH)
Jesús Cantú scores
Héctor González to second
Batting: RHB Donnie Fields 0-0: Ball
1-0: Called Strike
1-1: Called Strike
1-2: Ball
2-2: Foul Ball, location: 7LSF
2-2: Strikes out looking
Pinch Hitting: RHB Jody Dailey 0-0: Ball
1-0: Ball
2-0: Called Strike
2-1: Ground out 3-1 (Groundball, 34, EV 91.3 MPH)
Top of the 6th over - 2 runs, 3 hits, 1 error, 2 left on base; Oakland 2 - Houston 5
BOTTOM OF THE 6TH
Houston Astros batting - Pitching for Oakland Athletics : RHP Ismael Roa
Now in CF: Jody Dailey
Batting: RHB Adrián Juárez 0-0: Called Strike
0-1: Ball
1-1: Ball
2-1: Ground out 1-3 (Groundball, 13, EV 67.5 MPH)
Batting: RHB Ángelo Guzmán 0-0: Ball
1-0: Foul Ball, location: 25F
1-1: SINGLE (Line Drive, 9S, EV 103.1 MPH)
Batting: LHB José Robles 0-0: Swinging Strike
0-1: Called Strike
0-2: Ball
1-2: Strikes out swinging
Batting: RHB José Mercado 0-0: Ball
1-0: Foul Ball, location: 9LMF
1-1: Ball
Ángelo Guzmán is caught stealing 2nd base 2-4
Bottom of the 6th over - 0 runs, 1 hit, 0 errors, 0 left on base; Oakland 2 - Houston 5
TOP OF THE 7TH
Oakland Athletics batting - Pitching for Houston Astros : RHP Shinsui Nakamura
Batting: RHB Devin Hogan 0-0: Ball
1-0: Swinging Strike
1-1: Ball
2-1: Swinging Strike
2-2: Ball
3-2: Foul Ball, location: 2F
3-2: Strikes out swinging
Batting: RHB Tom Doherty 0-0: Ball
1-0: Fly out, F9 (Flyball, 9, EV 84.4 MPH)
Batting: RHB Jeremy Johnson 0-0: Called Strike
0-1: SINGLE (Flyball, 5D, EV 89.4 MPH)
Batting: RHB Eric Davis 0-0: Called Strike
Jeremy Johnson steals 2nd base
0-1: Foul Ball, location: 2F
0-2: Ball
1-2: Strikes out swinging
Top of the 7th over - 0 runs, 1 hit, 0 errors, 1 left on base; Oakland 2 - Houston 5
BOTTOM OF THE 7TH
Houston Astros batting - Pitching for Oakland Athletics : RHP Ismael Roa
Batting: RHB José Mercado 0-0: Foul Ball, location: 3SF
0-1: Ball
1-1: Foul Ball, location: 9LDF
1-2: Ball
2-2: Ball
3-2: Base on Balls
Batting: RHB Ted Valéncia 0-0: Ball
1-0: Ball
2-0: Ball
3-0: Called Strike
3-1: Base on Balls
José Mercado to second
Batting: RHB Ethan Sutton 0-0: Swinging Strike
0-1: Ball
1-1: Foul Ball, location: 2F
1-2: 3-RUN HOME RUN (Line Drive, 9D, EV 100.6 MPH), Distance : 405 ft
Pitching: LHP Jesús Romo
Batting: RHB José Archuleta 0-0: DOUBLE (Line Drive, 78D, EV 106.9 MPH)
Batting: LHB Ismael Camacho 0-0: Ball
1-0: Foul Ball, location: 2F
1-1: Ball
2-1: SINGLE (Groundball, 13S, EV 66.9 MPH) (infield hit)
José Archuleta to third
Batting: LHB Joe Rivera 0-0: Ball
1-0: Called Strike
1-1: Ball
2-1: SINGLE (Groundball, 6MD, EV 103.8 MPH)
José Archuleta scores
Ismael Camacho to second
Batting: RHB Adrián Juárez 0-0: Ball
1-0: Swinging Strike
1-1: Swinging Strike
1-2: Ball
2-2: Foul Ball, location: 2F
2-2: Ball
3-2: Strikes out swinging
Batting: RHB Ángelo Guzmán 0-0: Foul Ball, location: 3SF
0-1: Fly out, F3 (Popup, 3, EV 76.9 MPH)
Batting: LHB José Robles 0-0: Ball
1-0: Ball
2-0: Called Strike
2-1: Swinging Strike
2-2: Foul Ball, location: 5F
2-2: Strikes out swinging
Bottom of the 7th over - 4 runs, 4 hits, 0 errors, 2 left on base; Oakland 2 - Houston 9
TOP OF THE 8TH
Oakland Athletics batting - Pitching for Houston Astros : RHP Shinsui Nakamura
Batting: LHB Jesús Cantú 0-0: SOLO HOME RUN (Line Drive, 7LD, EV 96.3 MPH), Distance : 364 ft
Batting: RHB Héctor González 0-0: Called Strike
0-1: Fly out, F9 (Flyball, 89S, EV 76.9 MPH)
Batting: RHB José Rodríguez 0-0: SINGLE (Groundball, 34S, EV 70.6 MPH) (infield hit)
Batting: RHB Donnie Fields 0-0: Swinging Strike
0-1: Ball
1-1: Ball
2-1: Called Strike
2-2: Foul Ball, location: 9LMF
2-2: Grounds into double play, 6-4-3 (Groundball, 6, EV 85.0 MPH)
Top of the 8th over - 1 run, 2 hits, 0 errors, 0 left on base; Oakland 3 - Houston 9
BOTTOM OF THE 8TH
Houston Astros batting - Pitching for Oakland Athletics : LHP Jesús Romo
Batting: RHB José Mercado 0-0: Ball
1-0: Foul Ball, location: 7LMFF
1-1: Foul Ball, location: 2RF
1-2: Ball
2-2: Foul Ball, location: 2F
2-2: Strikes out swinging
Batting: RHB Ted Valéncia 0-0: Called Strike
0-1: Swinging Strike
0-2: Strikes out swinging
Batting: RHB Ethan Sutton 0-0: DOUBLE (Line Drive, 9LS, EV 111.3 MPH)
Batting: RHB José Archuleta 0-0: Foul Ball, location: 2F
0-1: Ball
1-1: Called Strike
1-2: Ball
2-2: Fly out, F9 (Flyball, 89M, EV 98.1 MPH)
Bottom of the 8th over - 0 runs, 1 hit, 0 errors, 1 left on base; Oakland 3 - Houston 9
TOP OF THE 9TH
Oakland Athletics batting - Pitching for Houston Astros : RHP Shinsui Nakamura
Batting: RHB Jody Dailey 0-0: Called Strike
0-1: Foul Ball, location: 9LDF
0-2: SINGLE (Line Drive, 4MD, EV 93.8 MPH)
Pitching: RHP Mike Flores
Batting: RHB Devin Hogan 0-0: Ball
1-0: Called Strike
1-1: Called Strike
1-2: Ball
2-2: Ball
3-2: Base on Balls
Jody Dailey to second
Pinch Hitting: RHB Luis García 0-0: Ball
1-0: Ball
2-0: Foul Ball, location: 2F
2-1: Fly out, F5 (Popup, 56S, EV 69.4 MPH)
Batting: RHB Jeremy Johnson 0-0: Called Strike
0-1: Swinging Strike
0-2: Ball
1-2: Ball
2-2: Ball
3-2: Strikes out looking
Batting: RHB Eric Davis 0-0: Ball
1-0: Swinging Strike
1-1: Called Strike
1-2: Foul Ball, location: 2F
1-2: Ball
2-2: Strikes out swinging
Top of the 9th over - 0 runs, 1 hit, 0 errors, 2 left on base; Oakland 3 - Houston 9
Sunday, March 24th , 2024 - OOTP Baseball 24.10 Build 82